 Dungeon Crawl Stone Soup version 0.31-a0-188-g5e087ee2ca (webtiles) character file.

Game seed: 11090551886052704866

84 qw the Shooter (level 4, -2/25 HPs)
             Began as a Deep Elf Hunter on June 23, 2023.
             Slain by an ogre
             ... wielding a +0 giant club
              (27 damage)
             ... on level 3 of the Dungeon.
             The game lasted 00:00:39 (1808 turns).

qw the Shooter (Deep Elf Hunter)                    Turns: 1808, Time: 00:00:40

Health: -2/25      AC:  6    Str: 10    XL:     4   Next: 24%
Magic:  6/6        EV: 11    Int: 14    God:
Gold:   95         SH:  0    Dex: 18    Spells: 3/3 levels left

rFire   . . .        Y - +0 shortbow
rCold   . . .        (shield currently unavailable)
rNeg    . . .        b - +1 ring mail
rPois   +            (no helmet)
rElec   .            (no cloak)
rCorr   .            (no gloves)
SInv    .            (no boots)
Will    +....        (no amulet)
Stlth   +            d - ring of willpower
HPRegen 0.24/turn    (no ring)
MPRegen 0.10/turn

%: no passive effects
@: no status effects
A: poison resistance
a: no special abilities


You were on level 3 of the Dungeon.
You visited 1 branch of the dungeon, and saw 3 of its levels.

You collected 95 gold pieces.


Innate Abilities, Weirdness & Mutations

Your system is resistant to poisons. (rPois)


   Skills:
 - Level 1.5 Fighting
 + Level 7.7 Ranged Weapons
 - Level 2.4 Dodging
 - Level 1.2 Stealth


You had 3 spell levels left.
You didn't know any spells.
Your spell library was empty.

Inventory:

Hand Weapons
 Y - a +0 shortbow (weapon)
Armour
 b - a +1 ring mail (worn)
Jewellery
 d - a ring of willpower (left hand)
Potions
 f - a potion of attraction {unknown}
 g - a potion of curing {unknown}
 h - a potion of degeneration {unknown}
 j - a potion of cancellation {unknown}

Dungeon Overview and Level Annotations

Branches:
Dungeon (3/15)

Altars:
Zin


Message History

Enter note:
Enter note:
Enter note:
Enter note:
Enter note:
Enter note:
Enter note:
Enter note: Done exploring.
1771 ||| READING scroll labelled KYNOYCZOYLI.
As you read the scroll labelled KYNOYCZOYLI, it crumbles to dust.
The air around you briefly surges with heat, but it dissipates.
It was a scroll of immolation.
Done exploring.
1772 ||| DROPPING scroll of revelation.
You drop a scroll of revelation.
Done exploring.
(D) Dungeon
Where to? (* - list waypoints, Enter - D:2, ? - help)
What level of the Dungeon? (default 1, ? - help)
There is a stone staircase leading down here.
You climb downwards.
Found a stone staircase leading down.
There is a stone staircase leading up here.
A rat is nearby!
Waypoint 2 assigned to D:3.
You shoot an arrow. The arrow hits the rat.
You kill the rat!
An ogre comes into view. It is wielding a +0 giant club.
The ogre moves out of view.
You shoot an arrow. The arrow completely misses the ogre.
You shoot an arrow. The arrow hits the ogre!
The ogre is moderately wounded.
You shoot an arrow. The arrow hits the ogre.
The ogre is heavily wounded.
You shoot an arrow. The arrow hits the ogre.
The ogre is severely wounded.
You shoot an arrow. The arrow hits the ogre.
The ogre is severely wounded.
The ogre hits you with a +0 giant club!!
Ouch! That really hurt!
You die...

..# #####.#.#
#.......#
#.#####.###.#
..........#.#
#.#####.#.#.###
#.#.#...#
..#####.#.#.#.#
......O@#.....#
###########.###.#
#.........#
##.###.##### #.<#
..# #..#.#.#
#%.#.#.# #..# #.#
#... ..#


You could see an ogre.

Vanquished Creatures
  3 adders (D:2)
  4 dart slugs
  5 endoplasms
  3 giant cockroaches (D:1)
  4 goblins
  5 hobgoblins
  3 quokkas (D:1)
  4 ball pythons
  A bat (D:1)
  A frilled lizard (D:1)
  8 kobolds
  7 rats
48 creatures vanquished.

Notes
Turn   | Place    | Note
-------+----------+-------------------------------------------
     0 | D:1      | qw the Deep Elf Hunter began the quest for the Orb.
     0 | D:1      | Reached XP level 1. HP: 12/12 MP: 3/3
     0 | D:1      | 0 ||| qw: Version: 0.3-a-9-g12657ce
     0 | D:1      | 0 ||| qw: Game counter: 3723
     0 | D:1      | 0 ||| qw: Always use a shield: true
     0 | D:1      | 0 ||| qw: God list: Okawaru
     0 | D:1      | 0 ||| qw: Allow faded altars: false
     0 | D:1      | 0 ||| qw: Do Orc after D:15 true
     0 | D:1      | 0 ||| qw: Do second Lair branch before Depths: true
     0 | D:1      | 0 ||| qw: Lair rune preference: random
     0 | D:1      | 0 ||| qw: Plans: Normal
     0 | D:1      | 0 ||| PLANNING D:1-11
    94 | D:1      | Reached skill level 6 in Ranged Weapons
    94 | D:1      | Reached XP level 2. HP: 16/16 MP: 4/4
   318 | D:1      | Reached XP level 3. HP: 20/20 MP: 5/5
   761 | D:1      | 761 ||| READING scroll labelled ZOOBRUSID JIVO.
   762 | D:1      | 762 ||| READING scroll labelled NUCAEPNUAN.
   765 | D:1      | 765 ||| READING scroll labelled NOIHOEDDAME.
   766 | D:1      | 766 ||| DRINKING 2 smoky blue potions.
   804 | D:1      | 804 ||| DRINKING 2 black potions.
   804 | D:1      | Gained mutation: You are partially covered in large bone
                  | plates. (SH +4) [potion of mutation]
   804 | D:1      | Gained mutation: Your magical capacity is low. (-10% MP)
                  | [potion of mutation]
   804 | D:1      | Gained mutation: You are frail. (-10% HP) [potion of
                  | mutation]
   805 | D:1      | 805 ||| DRINKING potion of mutation.
   805 | D:1      | Lost mutation: You are partially covered in large bone
                  | plates. (SH +4) [potion of mutation]
   805 | D:1      | Lost mutation: You are frail. (-10% HP) [potion of
                  | mutation]
   805 | D:1      | Lost mutation: Your magical capacity is low. (-10% MP)
                  | [potion of mutation]
   805 | D:1      | Gained mutation: Your system is resistant to poisons.
                  | (rPois) [potion of mutation]
   805 | D:1      | Gained mutation: Your muscles are strong. (Str +4, Int/Dex
                  | -1) [potion of mutation]
   805 | D:1      | Lost mutation: Your muscles are strong. (Str +4, Int/Dex
                  | -1) [potion of mutation]
   817 | D:1      | 817 ||| DROPPING scroll of butterflies.
   818 | D:1      | 818 ||| DROPPING potion of lignification.
   920 | D:2      | Reached skill level 7 in Ranged Weapons
   936 | D:2      | Found a glowing silver altar of Zin.
  1027 | D:2      | Reached XP level 4. HP: 13/25 MP: 6/6
  1757 | D:2      | 1757 ||| UPGRADING to +0 ring mail.
  1767 | D:2      | 1767 ||| DROPPING +0 leather armour.
  1768 | D:2      | 1768 ||| READING scroll of enchant armour.
  1768 | D:2      | 1768 ||| ENCHANTING +0 ring mail.
  1769 | D:2      | 1769 ||| UPGRADING to ring of willpower.
  1770 | D:2      | 1770 ||| READING 2 scrolls labelled LETIN SIJAULAA.
  1771 | D:2      | 1771 ||| READING scroll labelled KYNOYCZOYLI.
  1772 | D:2      | 1772 ||| DROPPING scroll of revelation.
  1802 | D:3      | Noticed an ogre
  1808 | D:3      | Slain by an ogre

Levels and vault maps discovered:
D:1:      shiori_arrival_oz, layout_basic
D:2:      layout_basic, basic_altar, nicolae_eternal_life, serial_park_tiny_2
D:3:      layout_basic, due_unseen_surprise

Skill      XL: |  1  2  3 |
---------------+----------+-----
Ranged Weapons | 6 7 |  7.7
Fighting       | |  1.5
Dodging        | |  2.4
Stealth        | |  1.2

Action                     |  1- 3 |  4- 6 || total
---------------------------+-------+-------++-------
   Fire: Shortbow          |   114 |    23 ||   137
    Use: Scroll            |     3 |     3 ||     6
         Potion            |     3 |       ||     3
 Armour: Leather armour    |    11 |       ||    11
  Dodge: Dodged            |    26 |     6 ||    32

Table legend:
 A = Non-vault XP
 B = Vault XP
 C = Vault XP percentage of total XP
 D = Non-vault monster count
 E = Vault monster count
 F = Vault count percentage of total count
                 A         B        C        D         E       F
            +---------+---------+-------+---------+---------+-------
      Total |     117 |       4 |   3.3 |      46 |       2 |   4.2
            +---------+---------+-------+---------+---------+-------
        D:1 |      46 |       4 |   8.0 |      26 |       2 |   7.1
        D:2 |      70 |       0 |   0.0 |      19 |       0 |   0.0
        D:3 |       1 |       0 |   0.0 |       1 |       0 |   0.0
            +---------+---------+-------+---------+---------+-------
